 Dungeon Crawl Stone Soup version 0.19-a0-1905-ge8b2aad (webtiles) character file.

2368 Naow the Covert (level 9, -8/37 (39) HPs)
             Began as a Spriggan Enchanter on Oct 21, 2016.
             Was a Believer of Dithmenos.
             Mangled by a four-headed hydra (12 damage)
             ... on level 8 of the Dungeon.
             The game lasted 00:14:56 (7534 turns).

Naow the Covert (Spriggan Enchanter)                Turns: 7534, Time: 00:14:57

HP:   -8/37 (39)    AC:  3    Str:  8    XL:     9   Next: 21%
MP:   0/21          EV: 23    Int: 17    God:    Dithmenos [**....]
Gold: 257           SH:  0    Dex: 17    Spells: 4 memorised, 14 levels left

rFire  . . .     SeeInvis +     A - +1 dagger (protect)
rCold  . . .     Gourm    .     b - +1 robe
rNeg   . . .     Faith    .     (shield restricted)
rPois  .         Spirit   .     (helmet restricted)
rElec  .         Reflect  .     (no cloak)
rCorr  .         Harm     .     (gloves unavailable)
MR     +....                    (boots unavailable)
Stlth  ++++++....               s - amulet of regeneration
                                (no ring)
                                k - +2 ring of strength

@: wreathed by umbra, very quick
A: unfitting armour, see invisible, herbivore 3, speed 3, slow metabolism 2
a: Shadow Step, Renounce Religion


You were on level 8 of the Dungeon.
You worshipped Dithmenos.
Dithmenos was pleased with you.
You were not hungry.

You visited 2 branches of the dungeon, and saw 9 of its levels.

You collected 257 gold pieces.

Inventory:

Hand Weapons
 a - a +1 dagger
 A - a +1 dagger of protection (weapon)
Missiles
 i - 31 poisoned needles
Armour
 b - a +1 robe (worn)
Jewellery
 k - a +2 ring of strength (left hand)
 s - an amulet of regeneration (around neck)
Wands
 y - a wand of slowing (8/48)
 z - a wand of acid (10/15)
 C - a wand of acid (11/15)
Scrolls
 f - a scroll of immolation {unknown}
 g - a scroll of enchant armour {unknown}
 n - 3 scrolls of remove curse
 p - 2 scrolls of random uselessness {unknown}
 r - 2 scrolls of teleportation {unknown}
 t - a scroll of amnesia {unknown}
 v - a scroll of enchant weapon {unknown}
 w - a scroll of fog {unknown}
Potions
 e - a potion of berserk rage
 h - a potion of degeneration
 l - a potion of flight
 m - 2 potions of curing
 o - a potion of agility {unknown}
 q - 2 potions of brilliance
 u - a potion of lignification {unknown}
 x - 2 potions of invisibility {unknown}
 B - 2 potions of heal wounds {unknown}
Books
 c - a book of Maledictions

   Spells                             Type                      Level
   a - Corona                         Hexes                        1
   b - Ensorcelled Hibernation        Hexes/Ice                    2
   c - Confuse                        Hexes                        3
   d - Tukima's Dance                 Hexes                        3
   e - Dazzling Spray                 Conjuration/Hexes            3
Comestibles
 d - 4 bread rations
 j - a slice of pizza


   Skills:
 + Level 4.5 Short Blades
 * Level 7.5 Dodging
 * Level 10.8 Stealth
 - Level 7.6 Spellcasting
 - Level 8.0 Hexes


You had 14 spell levels left.
You knew the following spells:

 Your Spells              Type           Power        Failure   Level  Hunger
a - Corona                Hex            ####...      1%          1    None
b - Ensorcelled Hibernat  Hex/Ice        ###...       3%          2    None
c - Tukima's Dance        Hex            ####....     1%          3    ##.....
d - Confuse               Hex            ####....     1%          3    ##.....


Dungeon Overview and Level Annotations

Branches:
Dungeon (8/15)             Temple (1/1) D:4
   Lair: D:8-11

Altars:
Ashenzari
Cheibriados
Dithmenos
Elyvilon
Fedhas
Gozag
Hepliaklqana
Kikubaaqudgha
Makhleb
Nemelex Xobeh
Okawaru
Qazlal
Ru
Sif Muna
Trog
Uskayaw
Vehumet
Xom
Yredelemnul
Zin
The Shining One

Annotations:
D:4 Dowan, Duvessa, Menkaure, Natasha


Innate Abilities, Weirdness & Mutations

You are very small and have problems with some larger weapons.
You are too small for most types of armour.
You have supernaturally acute eyesight. (SInv)
You are a herbivore.
You cover ground extremely quickly.
You need consume almost no food.


Message History

Found a purple potion.
Casting: Confuse
Confirm with . or Enter, or press ? or * to list all spells.
Aiming: Confuse
Press: ? - help, Shift-Dir - straight line, f/p - four-headed hydra
Aim: a four-headed hydra (severely wounded, umbra, chance to defeat MR: 27%)
The four-headed hydra easily resists.
Found a large zirconium amulet.
Casting: Confuse
Confirm with . or Enter, or press ? or * to list all spells.
Aiming: Confuse
Press: ? - help, Shift-Dir - straight line, f/p - four-headed hydra
Aim: a four-headed hydra (severely wounded, umbra, chance to defeat MR: 27%)
The four-headed hydra easily resists.
The four-headed hydra bites you!
* * * LOW HITPOINT WARNING * * *
The four-headed hydra bites you.
* * * LOW HITPOINT WARNING * * *
The four-headed hydra closely misses you.
The four-headed hydra bites you!
You die...

##...........
#"..!........
.......%....
.....≈..≈..
#..........
#..........
######..........
#......D@.......
#.#####.........
#.# ##########
#.# ###.# #...#
#.#######.
#<........
##.##....


You could see a four-headed hydra.

Vanquished Creatures
  A hippogriff (D:7)
  The ghost of Cirk the Slasher, an amateur HESk (D:3)
  Sigmund (D:2)
  The ghost of Tekks the Covert, an amateur SpAs (D:6)
  A water moccasin (D:6)
  An ice beast (D:5)
  A necrophage (D:7)
  4 centaurs
  2 bullfrogs (D:6)
  A big kobold (D:5)
  A wyvern skeleton (D:6)
  A scorpion (D:6)
  3 wights (D:7)
  A crimson imp (D:5)
  A quasit (D:6)
  2 hounds
  An orc priest (D:7)
  A jelly (D:6)
  2 orc wizards
  2 iguanas
  5 worker ants
  2 hound zombies
  4 gnolls (D:3)
  5 adders
  A shadow imp (D:7)
  2 oozes
  2 adder skeletons (D:5)
  2 worms
  4 leopard geckos
  11 orcs
  6 bats
  3 giant cockroaches
  9 goblins
  8 hobgoblins
  14 jackals
  10 kobolds
  7 quokkas
  2 ball pythons
  4 frilled lizards
  A leopard gecko skeleton (D:4)
  A leopard gecko zombie (D:5)
  4 rats
136 creatures vanquished.

Vanquished Creatures (collateral kills)
  2 wights (D:7)
2 creatures vanquished.

Grand Total: 138 creatures vanquished

Notes
Turn   | Place    | Note
-------+----------+-------------------------------------------
     0 | D:1      | Naow the Spriggan Enchanter began the quest for the Orb.
     0 | D:1      | Reached XP level 1. HP: 9/9 MP: 5/5
   550 | D:1      | Reached XP level 2. HP: 12/13 MP: 7/7
  1031 | D:1      | Learned a level 2 spell: Ensorcelled Hibernation
  1123 | D:1      | Reached XP level 3. HP: 14/16 MP: 9/9
  2052 | D:2      | Reached XP level 4. HP: 16/21 MP: 10/10
  2088 | D:2      | Noticed Sigmund
  2094 | D:2      | Killed Sigmund
  2094 | D:2      | Reached skill level 6 in Stealth
  2094 | D:2      | Reached skill level 5 in Hexes
  2094 | D:2      | Reached XP level 5. HP: 20/24 MP: 9/13
  2099 | D:2      | Learned a level 3 spell: Tukima's Dance
  2104 | D:2      | Learned a level 3 spell: Confuse
  2246 | D:3      | Noticed Cirk's ghost (amateur HESk)
  2310 | D:3      | Killed Cirk's ghost
  2310 | D:3      | Reached skill level 5 in Spellcasting
  2310 | D:3      | Reached XP level 6. HP: 17/28 MP: 4/15
  2428 | D:3      | Found a shattered altar of Ashenzari.
  2888 | D:3      | Reached skill level 7 in Stealth
  3634 | D:4      | Reached XP level 7. HP: 21/32 MP: 13/16
  4047 | D:4      | Found a staircase to the Ecumenical Temple.
  4049 | D:4      | Noticed Duvessa
  4049 | D:4      | Noticed Dowan
  4058 | Temple   | Entered the Ecumenical Temple
  4362 | Temple   | Became a worshipper of Dithmenos the Shadowed
  4544 | D:4      | Noticed Menkaure
  4548 | D:4      | Noticed Natasha
  4606 | D:5      | Entered Level 5 of the Dungeon
  5063 | D:5      | Found a bloodstained altar of Trog.
  5063 | D:5      | Found a white marble altar of Elyvilon.
  5065 | D:5      | Found a glowing silver altar of Zin.
  5136 | D:5      | Reached skill level 8 in Stealth
  5950 | D:6      | Reached * piety under Dithmenos
  5950 | D:6      | Reached XP level 8. HP: 36/36 MP: 16/19
  5962 | D:6      | Noticed Tekks's ghost (amateur SpAs)
  5997 | D:6      | Killed Tekks's ghost
  6135 | D:6      | Reached skill level 5 in Dodging
  6225 | D:6      | Reached skill level 9 in Stealth
  6558 | D:7      | Found a shattered altar of Ashenzari.
  6796 | D:7      | Reached skill level 10 in Stealth
  6857 | D:7      | Reached XP level 9. HP: 39/39 MP: 18/21
  6966 | D:7      | Reached ** piety under Dithmenos
  7507 | D:8      | Noticed a four-headed hydra
  7534 | D:8      | Mangled by a four-headed hydra

Vault maps used:
D:1:      eino_arrival_druids_welcome, hex_tiny
D:2:      first_bread, minmay_strange_pillars, uniq_sigmund
D:3:      lemuel_doored_altar, minmay_cupped
D:4:      uniq_natasha, uniq_duvessa, uniq_menkaure, uniq_eustachio,
          uniq_blork_the_orc, uniq_pikel
D:5:      gammafunk_temple_overflow_claw
D:7:      corexii_checkpoint_a, small_statue_intersection,
          evilmike_ruin_ashenzari
Temple:   minmay_temple_bridge_d

Skill      XL: |  1  2  3  4  5  6  7  8  9 |
---------------+----------------------------+-----
Spellcasting   | 3 4 5 6 7 |  7.6
Hexes          | 4 5 6 7 8 |  8.0
Stealth        | 6 7 8 10 | 10.8
Short Blades   | 2 4 |  4.5
Dodging        | 4 6 7 |  7.5

Action                   |  1- 3 |  4- 6 |  7- 9 || total
-------------------------+-------+-------+-------++-------
Melee: Dagger            |   212 |   120 |   313 ||   645
 Cast: Ensorcelled Hiber |     7 |    11 |    50 ||    68
       Confuse           |       |     5 |    17 ||    22
       Tukima's Dance    |       |       |     4 ||     4
  Use: Scroll            |       |       |     6 ||     6
 Stab: Sleeping          |    12 |    13 |    44 ||    69
       Distracted        |     1 |       |     4 ||     5
       Confused          |       |     6 |     5 ||    11
  Eat: Bread ration      |       |     1 |       ||     1
Armor: Robe              |    17 |    10 |    20 ||    47
Dodge: Dodged            |   162 |    79 |   263 ||   504
